 Dungeon Crawl Stone Soup version 0.23.0 (webtiles) character file.

Game seed: 1713772307880397701

507 KitRougard the Chiller (level 7, -2/52 (56) HPs)
             Began as a Ghoul Ice Elementalist on Feb 15, 2019.
             Was a Follower of Wu Jian.
             Slain by an adder (4 damage)
             ... on level 5 of the Dungeon.
             The game lasted 00:53:45 (6145 turns).

KitRougard the Chiller (Ghoul Ice Elementalist)     Turns: 6145, Time: 00:53:46

HP:   -2/52 (56)    AC:  5    Str: 10 (12) XL:     7   Next: 18%
MP:   18/18         EV: 11    Int:  9 (11) God:    Wu Jian [*.....]
Gold: 119           SH:  0    Dex:  6 (10) Spells: 4/10 levels left

rFire    . . .     SeeInvis .   f - +1 hunting sling (flame)
rCold    + . .     Gourm    .   (no shield)
rNeg     + + +     Faith    .   n - +1 leather armour
rPois    ∞         Spirit   .   r - +0 helmet
rElec    .         Reflect  .   (no cloak)
rCorr    .         Harm     .   (no gloves)
MR       +....                  (no boots)
Stlth    ++........             v - amulet of rage
HPRegen  0.00/turn              g - ring of magical power
MPRegen  0.16/turn              d - ring of protection from magic

@: rotting
A: rotting body, claws 1, carnivore, cold resistance 1, negative energy
resistance 3, inhibited regeneration, torment resistance, unbreathing
a: Renounce Religion


You were on level 5 of the Dungeon.
You worshipped Wu Jian.
Wu Jian was aware of your devotion.
You were hungry.

You visited 1 branch of the dungeon, and saw 5 of its levels.

You collected 229 gold pieces.
You spent 110 gold pieces at shops.

Inventory:

Hand Weapons
 a - a +1 dagger of speed
 b - a +3 trident
 e - a +0 dagger
 f - a +1 hunting sling of flaming (weapon)
 j - a +0 hunting sling
 p - a +0 short sword of freezing
 u - a +0 mace
Missiles
 q - 108 arrows
 t - 91 stones (quivered)
 w - 21 bolts
Armour
 i - a +0 robe
 n - a +1 leather armour (worn)
 r - a +0 helmet (worn)
Jewellery
 d - a ring of protection from magic (right claw)
 g - a ring of magical power (left claw)
 v - an amulet of rage (around neck)
 x - a cursed -2 ring of evasion {unknown}
 y - an uncursed amulet of regeneration {unknown}
Scrolls
 h - a scroll of enchant armour
 m - a scroll of teleportation
 s - 3 scrolls of amnesia
 B - a scroll of random uselessness
 C - 3 scrolls of identify
 D - a scroll of remove curse
Potions
 k - 3 potions of haste
 z - a potion of lignification
Comestibles
 c - 4 rations


   Skills:
 + Level 2.6 Fighting
 + Level 0.4 Short Blades
 + Level 2.0 Polearms
 + Level 3.6(3.7) Slings
 + Level 0.4(2.3) Throwing
 + Level 1.7 Armour
 + Level 2.2 Dodging
 + Level 2.9 Stealth
 + Level 2.3 Spellcasting
 + Level 0.9 Conjurations
 + Level 4.0 Ice Magic


You had 4 spell levels left.
You knew the following spells:

 Your Spells              Type           Power        Failure   Level  Hunger
a - Freeze                Ice            #...         9%          1    ##.....
b - Throw Frost           Conj/Ice       #.....       24%         2    ###....
c - Ozocubu's Armour      Chrm/Ice       #.......     50%         3    ####...

Your spell library contained the following spells:

 Spells                   Type           Power        Failure   Level  Hunger
 Throw Icicle             Conj/Ice       #.......     83%         4    #####..
 Summon Ice Beast         Ice/Summ       #.......     88%         4    #####..


Dungeon Overview and Level Annotations

Branches:
Dungeon (5/15)
 Temple: D:4-7

Altars:
Ashenzari
Wu Jian
Yredelemnul

Shops:
D:4 ?

Annotations:
D:2 Crazy Yiuf
D:4 Grinder
D:5 Dowan, Duvessa


Innate Abilities, Weirdness & Mutations

Your body is rotting away.
You thrive on raw meat.
You are immune to poison.
You have sharp fingernails.
You are carnivorous and can eat meat at any time.
Your flesh is cold resistant. (rC+)
You are immune to negative energy. (rN+++)
You do not regenerate when monsters are visible.
You are immune to unholy pain and torment.
You can survive without breathing.


Message History

* * * LOW HITPOINT WARNING * * *
You spin and attack the orc.
You clumsily bash the orc but do no damage.
The orc closely misses you.
You spin to attack the orc, but your attack speed is too slow for a blow to land.
You spin and attack the gnoll.
You clumsily bash the gnoll but do no damage.
The orc barely misses you.
You spin and attack the orc.
You clumsily bash the orc but do no damage.
The orc completely misses you.
The orc throws a tomahawk.
The tomahawk misses you.
An adder and a crimson imp come into view.
The adder hisses angrily.
You spin and attack the adder.
You clumsily bash the adder but do no damage.
The crimson imp hits you.
* * * LOW HITPOINT WARNING * * *
The adder bites you.
You die...

#..........#
#..........#
#..........#
#.....g....#
##.....o..##
#...$.gg...#
###......g...#
.......g.....#
##....@S...(#
#.....5....#
##........##
##..........
#.......##.
.......... .
............
..#...###.#.#
.


You could see a gnoll shaman, 4 gnolls, a crimson imp, an adder (pinned) and an
orc.

Vanquished Creatures
  An ogre (D:4)
  A bullfrog (D:4)
  An orc priest (D:4)
  An orc wizard (D:4)
  2 worker ants (D:4)
  Robin (D:2)
  12 adders
  6 worms
  4 dart slugs
  5 leopard geckos
  8 orcs
  A ball python (D:2)
  6 bats
  6 giant cockroaches
  14 goblins
  5 hobgoblins
  10 jackals
  3 quokkas
  5 frilled lizards
  6 kobolds
  A leopard gecko skeleton (D:4)
  7 rats
  A spectral orc (D:4)
107 creatures vanquished.

Notes
Turn   | Place    | Note
-------+----------+-------------------------------------------
     0 | D:1      | KitRougard the Ghoul Ice Elementalist began the quest for
                  | the Orb.
     0 | D:1      | Reached XP level 1. HP: 14/14 MP: 2/2
   521 | D:1      | Reached XP level 2. HP: 13/20 MP: 4/4
   558 | D:1      | Learned a level 2 spell: Throw Frost
  1130 | D:2      | Reached XP level 3. HP: 17/26 MP: 5/5
  1186 | D:2      | Found a runed translucent door.
  1187 | D:2      | Noticed Crazy Yiuf
  1513 | D:2      | Reached skill level 1 in Slings
  1513 | D:2      | Reached XP level 4. HP: 29/34 MP: 0/6
  1867 | D:2      | Noticed Robin
  2050 | D:2      | Learned a level 1 spell: Freeze
  2054 | D:2      | Learned a level 3 spell: Ozocubu's Armour
  2185 | D:2      | Killed Robin
  2185 | D:2      | Reached skill level 4 in Ice Magic
  2282 | D:2      | Reached XP level 5. HP: 38/39 MP: 7/7
  2691 | D:2      | Reached skill level 1 in Armour
  3014 | D:3      | Found an ornate altar of the Wu Jian Council.
  3024 | D:3      | Became a worshipper of the Wu Jian Council
  3129 | D:3      | Reached skill level 1 in Fighting
  3289 | D:3      | Found a shattered altar of Ashenzari.
  3587 | D:3      | Reached XP level 6. HP: 48/48 MP: 8/8
  4067 | D:4      | Found Moca Eqa's Magic Scroll Shop.
  4102 | D:4      | Bought a scroll of identify for 22 gold pieces
  4102 | D:4      | Bought a scroll of teleportation for 33 gold pieces
  4102 | D:4      | Bought a scroll of identify for 22 gold pieces
  4102 | D:4      | Bought a scroll of remove curse for 33 gold pieces
  4165 | D:4      | Reached skill level 1 in Polearms
  4300 | D:4      | Reached * piety under Wu Jian
  4642 | D:4      | Found a basalt altar of Yredelemnul.
  4789 | D:4      | Reached XP level 7. HP: 20/56 MP: 9/9
  4929 | D:5      | Entered Level 5 of the Dungeon
  4929 | D:5      | Noticed Duvessa
  4929 | D:5      | Noticed Dowan
  4982 | D:5      | Noticed Grinder
  4987 | D:4      | Paralysed by Grinder for 3 turns
  6145 | D:5      | HP: 2/52 [crimson imp (1)]
  6145 | D:5      | Slain by an adder

Skill      XL: |  1  2  3  4  5  6  7 |
---------------+----------------------+-----
Spellcasting   | 2 |  2.3
Dodging        | 2 |  2.2
Slings         | 1 2 3 |  3.6
Ice Magic      | 4 |  4.0
Armour         | 1 |  1.7
Fighting       | 1 2 |  2.6
Polearms       | 1 2 |  2.0
Short Blades   | |  0.4
Throwing       | |  0.4
Stealth        | |  2.9
Conjurations   | |  0.9

Action                   |  1- 3 |  4- 6 |  7- 9 || total
-------------------------+-------+-------+-------++-------
Melee: Dagger            |    29 |    46 |       ||    75
       Short sword       |       |    11 |       ||    11
       Trident           |       |   114 |    14 ||   128
       Hunting sling     |       |     1 |     6 ||     7
 Fire: Hunting sling     |    59 |   122 |     5 ||   186
Throw: Stone             |     4 |    32 |       ||    36
 Cast: Freeze            |     5 |     6 |       ||    11
       Throw Frost       |     6 |     1 |       ||     7
Invok: Lunge             |       |     4 |     1 ||     5
       Whirlwind         |       |     1 |     6 ||     7
  Use: Scroll            |     4 |    10 |     4 ||    18
       Potion            |       |     1 |     4 ||     5
 Stab: Sleeping          |     1 |     1 |       ||     2
  Eat: Chunk             |     3 |     9 |     1 ||    13
       Ration            |       |     1 |     1 ||     2
Armor: Robe              |    12 |       |       ||    12
       Leather armour    |       |    50 |     6 ||    56
Dodge: Dodged            |    40 |   149 |    26 ||   215
